 Dungeon Sprint DCSS version 0.26-a0-672-g1df16c3386 (webtiles) character file.

Game seed: 13478250959117956947

245 TerrariaFan the Chopper (level 5, 0/45 HPs)
             Began as a Demonspawn Fighter on Oct 20, 2020.
             Was a Follower of Ru.
             Killed by divine providence
             ... invoked by an orc priest
              (11 damage)
             ... in the Dungeon (Sprint VII: "The Pits").
             The game lasted 00:02:12 (742 turns).

TerrariaFan the Chopper (Demonspawn Fighter)         Turns: 742, Time: 00:02:12

Health: 0/45       AC: 14    Str: 17    XL:     5   Next: 83%
Magic:  5/5        EV:  6    Int: 10    God:    Ru [*.....]
Gold:   0          SH: 10    Dex: 12    Spells: 4/4 levels left

rFire    . . .     SeeInvis .   p - +2 hand axe (vorpal)
rCold    . . .     Faith    .   c - +0 kite shield
rNeg     . . .     Spirit   .   o - +3 chain mail
rPois    .         Reflect  .   (helmet restricted)
rElec    .         Harm     .   (no cloak)
rCorr    .         Rampage  .   (no gloves)
MR       .....     NoTele   +   (no boots)
Stlth    ..........             (no amulet)
HPRegen  0.15/turn              (no ring)
MPRegen  0.09/turn              (no ring)

@: berserk cooldown, slowed, very slow
A: horns 2, rugged brown scales 1, rot immunity, no fire magic, no hexes magic,
no summoning magic
a: Renounce Religion


You were in the Dungeon.
You worshipped Ru.
Ru was aware of your devotion.
You visited 1 branch

Inventory:

Hand Weapons
 a - a +0 war axe
 p - a +2 vorpal hand axe (weapon)
Armour
 b - a +0 scale mail
 c - a +0 kite shield (worn)
 o - a +3 chain mail (worn)
Scrolls
 j - a scroll of blinking
 l - 3 scrolls of remove curse
 m - 5 scrolls of amnesia
 n - a scroll of summoning
Potions
 d - a potion of might
 e - 5 potions of curing
 f - 6 potions of heal wounds
 g - a potion of haste
 h - 4 potions of magic
 i - 2 potions of berserk rage
 k - 2 potions of invisibility


   Skills:
 + Level 5.4 Fighting
 + Level 6.3 Axes
 + Level 6.3 Armour
 + Level 2.3 Dodging
 + Level 5.9 Shields


You had 4 spell levels left.
You didn't know any spells.
Your spell library was empty.

Dungeon Overview and Level Annotations

Branches:
Dungeon (1/1)

Altars:
Ashenzari
Cheibriados
Dithmenos
Elyvilon
Fedhas
Gozag
Hepliaklqana
Kikubaaqudgha
Makhleb
Nemelex Xobeh
Okawaru
Qazlal
Ru
Sif Muna
Trog
Uskayaw
Vehumet
Wu Jian
Xom
Yredelemnul
Zin
The Shining One
Beogh
Jiyva
Lugonu


Innate Abilities, Weirdness & Mutations

You have a pair of horns on your head.
You are partially covered in rugged brown scales. (AC +1, +3% HP)
You are immune to rotting.
You cannot study or cast Fire magic.
You cannot study or cast Hexes magic.
You cannot study or cast Summoning magic.


Message History

You closely miss the scorpion.
The scorpion stings you but does no damage.
The orc priest looks satisfied for a moment.
You barely miss the scorpion.
You are no longer berserk.
You are exhausted.
You feel yourself slow down. The scorpion stings you.
* * * LOW HITPOINT WARNING * * *
Unknown command.
Unknown command.
You hit the scorpion.
The scorpion is lightly wounded.
The scorpion stings you.
* * * LOW HITPOINT WARNING * * *
You are lethally poisoned!
The scorpion poisons you!
You feel better. The scorpion barely misses you.
The orc priest calls down the wrath of Beogh upon you.
Beogh smites you!
You die...

#'#####'#####.....
#.#[.#.....##.....
#.#))#####'#####'#
#.#))#.....##.....
#.#).#.†...##.....
#.#..###)####.....
#.##'#.....##...<.
#.#........##.....
#@#........##.....
#s###########.....


#oo ###### #oo. #...# #.##. #.. #. #.. .. You could see a scorpion, an orc
priest and 3 orcs.

Vanquished Creatures
  A floating eye (D)
  An orc warrior (D)
  Ijyb (D)
  A river rat (D)
  An ooze (D)
  An orc (D)
  2 ball pythons (D)
  A giant cockroach (D)
  2 jackals (D)
  A ball python zombie (D)
  A bat (D)
  A frilled lizard (D)
  A rat (D)
15 creatures vanquished.

Notes
Turn   | Place    | Note
-------+----------+-------------------------------------------
     0 | D        | TerrariaFan the Demonspawn Fighter began the quest for the
                  | Orb.
     0 | D        | Reached XP level 1. HP: 18/18 MP: 1/1
    24 | D        | Found a bloodstained altar of Trog.
    24 | D        | Found a shimmering blue altar of Sif Muna.
    24 | D        | Found a viscous altar of Jiyva.
    24 | D        | Found a hazy altar of Hepliaklqana.
    24 | D        | Found an opulent altar of Gozag.
    25 | D        | Found a glowing golden altar of the Shining One.
    25 | D        | Found a glowing silver altar of Zin.
    25 | D        | Found a basalt altar of Yredelemnul.
    25 | D        | Found a shimmering altar of Xom.
    25 | D        | Found an ornate altar of the Wu Jian Council.
    25 | D        | Found a sacrificial altar of Ru.
    25 | D        | Found a stormy altar of Qazlal.
    25 | D        | Found an iron altar of Okawaru.
    25 | D        | Found a sparkling altar of Nemelex Xobeh.
    25 | D        | Found a burning altar of Makhleb.
    25 | D        | Found a blossoming altar of Fedhas.
    25 | D        | Found a white marble altar of Elyvilon.
    25 | D        | Found a shadowy altar of Dithmenos.
    25 | D        | Found a snail-covered altar of Cheibriados.
    29 | D        | Found a roughly hewn altar of Beogh.
    29 | D        | Found a corrupted altar of Lugonu.
    29 | D        | Found a radiant altar of Vehumet.
    30 | D        | Found a broken altar of Ashenzari.
    30 | D        | Found an ancient bone altar of Kikubaaqudgha.
    30 | D        | Found a hide-covered altar of Uskayaw.
    33 | D        | Became a worshipper of Ru the Awakened
   283 | D        | Gained mutation: You are partially covered in rugged brown
                  | scales. (AC +1, +3% HP) [demonic ancestry]
   283 | D        | Reached XP level 2. HP: 4/25 MP: 2/2
   534 | D        | Gained mutation: You cannot study or cast Fire magic. [Ru
                  | sacrifice]
   534 | D        | Gained mutation: You cannot study or cast Hexes magic. [Ru
                  | sacrifice]
   534 | D        | Gained mutation: You cannot study or cast Summoning magic.
                  | [Ru sacrifice]
   534 | D        | Reached * piety under Ru
   718 | D        | Noticed an orc warrior
   718 | D        | Noticed Ijyb
   718 | D        | Noticed a floating eye
   718 | D        | Noticed a scorpion
   723 | D        | Paralysed by a floating eye for 2 turns
   726 | D        | Killed Ijyb
   726 | D        | Reached skill level 1 in Dodging
   726 | D        | Gained mutation: You have a pair of small horns on your
                  | head. [demonic ancestry]
   726 | D        | Reached XP level 3. HP: 26/30 MP: 3/3
   728 | D        | Paralysed by a floating eye for 3 turns
   732 | D        | Killed a floating eye
   732 | D        | Reached skill level 5 in Fighting
   732 | D        | Reached skill level 5 in Axes
   732 | D        | Reached skill level 5 in Armour
   732 | D        | Reached skill level 5 in Shields
   732 | D        | Gained mutation: You are immune to rotting. [demonic
                  | ancestry]
   732 | D        | Reached XP level 4. HP: 36/40 MP: 4/4
   732 | D        | Gained mutation: You have a pair of horns on your head.
                  | [demonic ancestry]
   732 | D        | Reached XP level 5. HP: 40/45 MP: 5/5
   735 | D        | Killed an orc warrior
   740 | D        | HP: 2/45 [scorpion (5)]
   742 | D        | Killed from afar by an orc priest

Illustrated notes

Levels and vault maps discovered:
D:        pitsprint [storerooms_1, entrance_room_1, metal_vault_3, armoury_1,
          mini_pit_1, grid_room_1, main_hall_1, silver_pit, the_coven_3,
          the_vestibule_1, steel_vault_2, golden_pit, hallway_of_sentries,
          crystal_vault_6, iron_vault_1, final_vault]

Skill      XL: |  1  2  3  4  5 |
---------------+----------------+-----
Shields        | 3 4 5 |  5.9
Armour         | 3 4 5 6 |  6.3
Axes           | 2 3 5 6 |  6.3
Fighting       | 4 5 |  5.4
Dodging        | 1 2 |  2.3

Action                   |  1- 3 |  4- 6 || total
-------------------------+-------+-------++-------
Melee: War axe           |    39 |       ||    39
       Hand axe          |     5 |     8 ||    13
       Headbutt          |     1 |     1 ||     2
Invok: Sacrifice Arcana  |     1 |       ||     1
  Use: Potion            |     1 |     1 ||     2
Armor: Scale mail        |    16 |       ||    16
       Chain mail        |     1 |     4 ||     5
Dodge: Dodged            |    17 |     1 ||    18
Block: Kite shield       |    17 |     1 ||    18

Table legend: (Time is in decaauts)
 A = Elapsed time spent in this place.
 B = Non-inter-level travel time spent in this place.
 C = Inter-level travel time spent in this place.
 D = Time resting spent in this place.
 E = Time spent auto-exploring this place.
 F = Levels seen in this place.
 G = Mean time per level.
                   A        B        C        D        E       F      G
               +--------+--------+--------+--------+--------+-----+--------+
         Total |    758 |    739 |     19 |    351 |      0 |   1 |  758.0 |
       Dungeon |    758 |    739 |     19 |    351 |      0 |   1 |  758.0 |
               +--------+--------+--------+--------+--------+-----+--------+

Top non-repeatable levels by time:
       D: 758 daAuts
